Map: Prion Terraces

Players

LindyHop - Winner!

  • Race: Zerg Zerg
  • League: Platinum

Raider

  • Race: Zerg Zerg
  • League: Platinum

VOD

Have the link to the VOD?

Description

Time

  • Played on: Jan. 4, 2016, 4:14 p.m.
  • Length: 11:51
Show
View Real Time Build Order
Export as new Build Order

LindyHop Zerg - Winner!

Build Orders: Hatch First 

Get SALT Encoding   

  12  0:01  Drone  
  13  0:12  Overlord  
  13  0:17  Drone  
  14  0:30  Drone x2  
  16  0:36  Drone  
  17  0:55  Hatchery  
  16  0:58  Drone  
  16  1:01  Extractor  
  16  1:03  Drone  
  17  1:25  Spawning Pool  
  16  1:27  Drone x2  
  18  1:36  Overlord  
  18  1:39  Drone  
  19  2:12  Zergling x8  
  19  2:14  Queen  
  25  2:15  Spine Crawler  
  25  2:19  Zergling x2  
  25  2:27  Baneling Nest  
  24  2:31  Zergling x4  
  26  2:51  Zergling x4  
  26  2:52  Zergling x2  
  26  2:56  Spine Crawler  
  28  3:01  Queen  
  30  3:09  Metabolic Boost  
  30  3:20  Baneling x4  
  30  3:22  Baneling  
  30  3:24  Baneling  
  30  3:33  Drone x3  
  33  3:38  Drone  
  34  3:52  Roach Warren  
  34  3:54  Overlord  
  23  4:32  Roach x6  
  23  4:35  Roach  
  37  4:42  Spine Crawler  
  37  4:45  Roach  
  38  4:52  Roach  
  39  5:02  Drone x2  
  39  5:03  Queen  
  43  5:11  Drone  
  43  5:12  Overlord  
  44  5:36  Drone x4  
  44  5:39  Drone x2  
  50  5:46  Zergling x2  
  50  5:47  Zergling x2  
  50  5:48  Overlord  
  52  5:53  Lair  
  52  5:56  Extractor  
  51  5:58  Drone  
  52  6:10  Drone x4  
  56  6:16  Drone x2, Extractor x2  
  56  6:22  Drone x2  
  56  6:23  Drone  
  59  6:31  Zergling x2  
  60  6:33  Overlord  
  60  6:47  Overlord  
  60  6:51  Zergling x12  
  60  6:52  Zergling x4  
  68  7:00  Spire  
  67  7:24  Drone x2  
  67  7:25  Drone x7  
  67  7:29  Overlord  
  76  7:30  Overlord x2  
  75  7:39  Drone  
  74  7:50  Drone x5  
  75  8:05  Baneling x5  
  74  8:06  Baneling  
  71  8:36  Mutalisk  
  71  8:37  Mutalisk x5  
  82  8:44  Hatchery, Mutalisk  
  82  8:45  Mutalisk x2  
  82  8:47  Zergling x2  
  82  8:48  Zergling x4  
  90  8:57  Zerg Flyer Weapons Level 1  
  90  9:06  Mutalisk  
  92  9:17  Mutalisk  
  92  9:18  Hatchery  
  92  9:19  Overlord  
  92  9:20  Overlord x2  
  93  9:31  Evolution Chamber x2  
  91  9:33  Hydralisk Den  
  90  9:43  Mutalisk x2  
  94  9:53  Zergling x2  
  94  9:54  Zergling x12  
  94  9:59  Extractor  
  100  10:01  Drone x4  
  100  10:03  Extractor  
  103  10:12  Drone x3  
  106  10:18  Spore Crawler  
  106  10:19  Spore Crawler  
  104  10:22  Overlord x3  
  96  10:33  Mutalisk  
  96  10:34  Mutalisk x3  
  99  10:41  Mutalisk x2  
  103  10:45  Zergling x2  
  103  10:56  Spore Crawler  
  94  11:00  Mutalisk  
  94  11:01  Mutalisk  
  88  11:05  Zergling x2  
  89  11:11  Drone  
  89  11:13  Drone x2  
  89  11:18  Drone  
  91  11:27  Mutalisk x2  
Show
View Real Time Build Order
Export as new Build Order

Raider Zerg 

Build Orders: Pool First, Zergling Baneling 

Get SALT Encoding   

  12  0:01  Drone  
  13  0:13  Overlord  
  13  0:26  Drone  
  13  0:27  Drone, Extractor  
  14  0:33  Drone  
  15  0:39  Drone  
  16  0:53  Spawning Pool  
  16  0:54  Drone  
  16  1:06  Drone  
  16  1:10  Overlord  
  17  1:31  Evolution Chamber  
  16  1:39  Metabolic Boost  
  16  1:40  Zergling x2  
  16  1:41  Zergling x2  
  16  1:45  Queen  
  16  1:47  Zergling x2  
  21  1:56  Zergling x2  
  22  2:04  Zergling x2  
  22  2:05  Zerg Melee Weapons Level 1  
  23  2:14  Zergling x2  
  24  2:21  Queen  
  26  2:26  Zergling x2  
  27  2:44  Zergling x2  
  28  2:56  Zergling x4  
  28  2:58  Baneling Nest, Overlord  
  29  3:06  Zergling x2  
  30  3:16  Overlord  
  30  3:24  Zergling x2  
  30  3:25  Zergling x8  
  34  3:47  Baneling x2  
  34  3:48  Baneling x7  
  34  3:51  Zergling x4  
  25  4:27  Zergling x4  
  25  4:38  Baneling x3  
  24  4:39  Zergling x8  
  24  4:45  Zergling x2  
  29  4:53  Zergling x2  
  28  5:04  Lair  
  25  5:15  Drone  
  26  5:22  Hatchery  
  26  5:23  Drone x2  
  27  5:40  Drone x3  
  30  5:44  Extractor  
  29  5:54  Drone  
  30  6:09  Spire  
  30  6:11  Drone x3  
  32  6:19  Drone  
  33  6:28  Drone x3  
  35  6:43  Drone x2  
  35  6:46  Drone x2  
  38  6:50  Queen  
  40  6:57  Spine Crawler  
  40  6:58  Drone  
  40  7:07  Spine Crawler  
  39  7:10  Drone, Spine Crawler  
  39  7:13  Drone  
  39  7:15  Drone  
  41  7:18  Drone  
  41  7:21  Drone, Extractor  
  42  7:24  Drone  
  43  7:31  Drone x3  
  44  7:49  Zergling x4  
  40  7:58  Drone x6  
  44  8:04  Baneling  
  45  8:11  Mutalisk x3  
  51  8:17  Overlord  
  43  8:40  Drone x3  
  43  8:41  Drone  
  38  8:42  Drone  
  38  8:43  Drone x2  
  38  8:46  Mutalisk  
  43  8:54  Mutalisk  
  45  9:03  Mutalisk x3, Baneling x2  
  51  9:21  Spore Crawler  
  51  9:23  Spore Crawler  
  51  9:24  Mutalisk, Spore Crawler  
  49  9:26  Drone x2  
  52  9:34  Overlord, Extractor  
  52  9:35  Overlord  
  52  9:36  Extractor  
  52  9:37  Drone x2  
  52  9:50  Spore Crawler  
  52  9:52  Queen  
  51  9:54  Spore Crawler  
  51  9:56  Drone  
  53  10:01  Drone x2  
  53  10:02  Drone  
  53  10:04  Drone  
  57  10:26  Mutalisk x3  
  63  10:44  Mutalisk  
  63  10:56  Zergling x2  
  53  10:57  Zergling x14  
  45  11:18  Spawning Pool  
Tags
 
Add a new tag
Caveats
  • Supply blocks, unpowered buildings, or Contaminate may cause inaccurate times.
  • Supply counts are checked every 10 seconds.